 Dungeon Crawl Stone Soup version 0.31-a0-221-gbddc013574 (webtiles) character file.

Game seed: 13057464988113190698

181 qw the Shooter (level 5, -1/32 HPs)
             Began as a Gargoyle Hexslinger on July 4, 2023.
             Slain by a black bear (3 damage)
             ... on level 4 of the Dungeon.
             The game lasted 00:01:07 (2269 turns).

qw the Shooter (Gargoyle Hexslinger)                Turns: 2269, Time: 00:01:07

Health: -1/32      AC:  8    Str: 12    XL:     5   Next: 61%
Magic:  6/6        EV: 11    Int: 13    God:
Gold:   183        SH:  0    Dex: 14    Spells: 5/6 levels left

rFire   . . .        Y - +1 sling
rCold   . . .        (no shield)
rNeg    + . .        l - +0 leather armour
rPois   inf          n - +0 helmet
rElec   +            (no cloak)
rCorr   .            (no gloves)
SInv    .            (no boots)
Will    .....        (no amulet)
Stlth   +            (no ring)
HPRegen 0.25/turn    (no ring)
MPRegen 0.10/turn

%: no passive effects
@: about to teleport
A: sickness immunity, AC +4, negative energy resistance 1, electricity
resistance, torment resistance 1, petrification resistance
a: no special abilities


You were on level 4 of the Dungeon.
You visited 1 branch of the dungeon, and saw 4 of its levels.

You collected 183 gold pieces.


Innate Abilities, Weirdness & Mutations

You are immune to sickness and miasma.
Your stone body is resilient. (AC +4)
You are immune to poison.
You resist negative energy. (rN+)
You are resistant to electric shocks. (rElec)
You are resistant to unholy torment.
You are immune to petrification.


   Skills:
 + Level 2.9 Fighting
 - Level 5.0 Ranged Weapons
 - Level 1.5 Dodging
 - Level 1.0 Spellcasting
 - Level 2.6 Hexes


You had 5 spell levels left.
You knew the following spells:

 Your Spells              Type           Power      Damage    Failure   Level
a - Slow                  Hex            28%        N/A       12%         1

Your spell library contained the following spells:

 Spells                   Type           Power      Damage    Failure   Level
 Inner Flame              Hex/Fire       4%         N/A       52%         3
 Portal Projectile        Hex/Tloc       8%         N/A       52%         3
 Cause Fear               Hex            3%         N/A       75%         4

Inventory:

Hand Weapons
 Y - a +1 sling (weapon)
Armour
 c - a +0 ring mail
 l - a +0 leather armour (worn)
 n - a +0 helmet (worn)
Scrolls
 a - a scroll of identify
 b - a scroll of teleportation
Potions
 d - a potion of haste {unknown}
 e - a potion of attraction {unknown}
 h - a potion of invisibility {unknown}
 i - 3 potions of curing
 j - a potion of mutation {unknown}
 k - 2 potions of heal wounds

Dungeon Overview and Level Annotations

Branches:
Dungeon (4/15)
 Temple: D:4-7

Altars:
Fedhas
Ru
Sif Muna
Xom

Annotations:
D:3 2 transporters, qw's ghost, amateur GrHs


Message History

The hobgoblin hits you but does no damage.
You shoot a sling bullet. The sling bullet hits the hobgoblin!
You kill the hobgoblin!
You shoot a sling bullet. The sling bullet hits the black bear.
The black bear is moderately wounded.
The black bear completely misses you.
The black bear claws you but does no damage.
The black bear barely misses you.
You shoot a sling bullet. The sling bullet hits the black bear.
The black bear is moderately wounded.
The black bear closely misses you. The black bear claws you. x2
The black bear barely misses you. The black bear claws you.
The black bear claws you but does no damage.
You shoot a sling bullet.
The sling bullet hits the black bear but does no damage.
The black bear is moderately wounded.
The black bear bites you.
The black bear claws you but does no damage. x2
You shoot a sling bullet.
The sling bullet hits the black bear but does no damage.
The black bear is moderately wounded.
The black bear closely misses you. The black bear claws you.
The black bear claws you but does no damage.
You shoot a sling bullet.
The sling bullet closely misses the black bear.
The black bear bites you. The black bear closely misses you.
The black bear claws you.
You shoot a sling bullet. The sling bullet hits the black bear.
The black bear is heavily wounded.
The black bear closely misses you. The black bear claws you.
The black bear claws you but does no damage.
You shoot a sling bullet. The sling bullet hits the black bear.
The black bear is severely wounded.
The black bear misses you. x2; The black bear claws you.
The black bear bites you. The black bear barely misses you. x2
2269 ||| READING 2 scrolls of teleportation.
As you read the scroll of teleportation, it crumbles to dust.
You feel strangely unstable. The black bear bites you.
You die...

..#..... #.............
..#......#..............
..#......'..............
..###+####).............
....................%..
...>...................
..............(....##
.................h.#
................@!.#
...............#
...............#
###############


You could see a black bear.

Vanquished Creatures
  A hound (D:4)
  Jessica (D:2)
  3 adders
  An ufetubus (D:4)
  A worm (D:3)
  2 dart slugs (D:1)
  9 orcs
  3 bats
  7 endoplasms
  2 giant cockroaches
  7 goblins
  10 hobgoblins
  2 kobolds
  5 quokkas
  7 ball pythons
  4 frilled lizards
  9 rats
74 creatures vanquished.

Notes
Turn   | Place    | Note
-------+----------+-------------------------------------------
     0 | D:1      | qw the Gargoyle Hexslinger began the quest for the Orb.
     0 | D:1      | Reached XP level 1. HP: 12/12 MP: 2/2
     0 | D:1      | 0 ||| qw: Version: 0.3-a-41-g9d075ac
     0 | D:1      | 0 ||| qw: Game counter: 729
     0 | D:1      | 0 ||| qw: Melee chars always use a shield: true
     0 | D:1      | 0 ||| qw: God list: Okawaru
     0 | D:1      | 0 ||| qw: Allow faded altars: false
     0 | D:1      | 0 ||| qw: Do Orc after clearing Dungeon:15 true
     0 | D:1      | 0 ||| qw: Do second Lair branch before Depths: true
     0 | D:1      | 0 ||| qw: Lair rune preference: random
     0 | D:1      | 0 ||| qw: Goals: Normal
     0 | D:1      | 0 ||| PLANNING D:1-11
    76 | D:1      | Reached XP level 2. HP: 16/16 MP: 3/3
   179 | D:1      | Reached skill level 3 in Ranged Weapons
   468 | D:1      | Reached XP level 3. HP: 18/21 MP: 4/4
   468 | D:1      | 468 ||| FLEEEEING.
   639 | D:1      | Found a faded altar of an unknown god.
   716 | D:1      | 716 ||| UPGRADING to +0 leather armour.
   726 | D:1      | 726 ||| DROPPING +0 robe.
   727 | D:1      | 727 ||| READING 2 scrolls labelled VIVEPP MYRR.
   728 | D:1      | 728 ||| DRINKING 2 sapphire potions.
   729 | D:1      | 729 ||| DRINKING 3 yellow potions.
   730 | D:1      | 730 ||| DROPPING scroll of poison.
   961 | D:2      | Noticed Jessica
   971 | D:2      | Killed Jessica
   972 | D:2      | Reached skill level 4 in Ranged Weapons
   972 | D:2      | Reached XP level 4. HP: 25/26 MP: 5/5
  1398 | D:2      | 1398 ||| UPGRADING to +0 helmet.
  1403 | D:2      | 1403 ||| DROPPING amulet of magic regeneration.
  1404 | D:2      | 1404 ||| READING scroll labelled YTES NIOWA.
  1405 | D:2      | 1405 ||| READING scroll labelled PUWKUB QUTIESU.
  1410 | D:2      | 1410 ||| READING scroll labelled DERIGY USUI.
  1471 | D:3      | Found a blossoming altar of Fedhas.
  1477 | D:3      | Noticed a gnoll sergeant
  1479 | D:3      | Noticed qw's ghost (amateur GrHs)
  1634 | D:3      | Found a transporter.
  1641 | D:3      | Found a transporter.
  1807 | D:3      | Found a sacrificial altar of Ru.
  1871 | D:3      | Reached XP level 5. HP: 23/30 MP: 6/6
  1958 | D:3      | 1958 ||| DRINKING 2 dark potions.
  1959 | D:3      | 1959 ||| DROPPING potion of brilliance.
  1976 | D:3      | Found a shimmering altar of Xom.
  2042 | D:4      | 2042 ||| STAIRDANCE
  2082 | D:4      | 2082 ||| FLEEEEING.
  2083 | D:4      | 2083 ||| FLEEEEING.
  2088 | D:4      | 2088 ||| STAIRDANCE
  2106 | D:4      | 2106 ||| STAIRDANCE
  2153 | D:4      | Found a shimmering blue altar of Sif Muna.
  2202 | D:4      | Reached skill level 5 in Ranged Weapons
  2256 | D:4      | Noticed a black bear
  2268 | D:4      | HP: 6/32 [black bear (3)]
  2268 | D:4      | HP: 2/32 [black bear (4)]
  2269 | D:4      | 2269 ||| READING 2 scrolls of teleportation.
  2269 | D:4      | Slain by a black bear

Levels and vault maps discovered:
D:1:      ncdulo_lavacross, layout_loops_cross, basic_ecumenical_altar,
          minmay_crystal_room, dreamdust_princess_bridge, chequers_jeans
D:2:      layout_loops_cross, uniq_jessica
D:3:      layout_rooms, mainiacjoe_overflow_tiny_flanked,
          nicolae_ru_the_path_less_chosen, tgw_xom, gammafunk_ghost_arena,
          kennysheep_generic_room_13
D:4:      layout_gridville, nicolae_sif_muna_condensation, lemuel_tele_altar,
          uniq_pikel

Skill      XL: |  1  2  3  4  5 |
---------------+----------------+-----
Ranged Weapons | 3 4 5 |  5.0
Fighting       | 2 |  2.9
Dodging        | |  1.5
Spellcasting   | |  1.0
Hexes          | |  2.6

Action                     |  1- 3 |  4- 6 || total
---------------------------+-------+-------++-------
   Fire: Sling             |    98 |   160 ||   258
    Use: Potion            |     2 |     1 ||     3
         Scroll            |     1 |     4 ||     5
 Armour: Robe              |     3 |       ||     3
         Leather armour    |     2 |    44 ||    46
  Dodge: Dodged            |    14 |    66 ||    80

Table legend:
 A = Non-vault XP
 B = Vault XP
 C = Vault XP percentage of total XP
 D = Non-vault monster count
 E = Vault monster count
 F = Vault count percentage of total count
                 A         B        C        D         E       F
            +---------+---------+-------+---------+---------+-------
      Total |     220 |      39 |  15.1 |      72 |       2 |   2.7
            +---------+---------+-------+---------+---------+-------
        D:1 |      50 |       0 |   0.0 |      28 |       0 |   0.0
        D:2 |      20 |      37 |  64.9 |      11 |       1 |   8.3
        D:3 |      65 |       2 |   3.0 |      22 |       1 |   4.3
        D:4 |      85 |       0 |   0.0 |      11 |       0 |   0.0
            +---------+---------+-------+---------+---------+-------
